 Dungeon Crawl Stone Soup version 0.28.0-43-g3370ac3207 (webtiles) character file.

Game seed: 635782731434447554

982 Ablot the Grasshopper (level 8, -3/63 HPs)
             Began as a Gnoll Warper on Mar 21, 2022.
             Killed from afar by a steam dragon (15 damage)
             ... with a ball of steam
             ... on level 6 of the Dungeon.
             The game lasted 00:11:29 (6862 turns).

Ablot the Grasshopper (Gnoll Warper)                Turns: 6862, Time: 00:11:29

Health: -3/63      AC:  2    Str: 12    XL:     8   Next: 17%
Magic:  14/16      EV: 14    Int: 12    God:
Gold:   93         SH:  0    Dex: 13    Spells: 16/18 levels left

rFire   . . .      SeeInvis .   a - +2 spear (venom)
rCold   . . .      Faith    .   j - orb {light}
rNeg    + . .      Spirit   .   (no armour)
rPois   .          Reflect  .   (no helmet)
rElec   .          Harm     .   i - +0 cloak
rCorr   .          Rampage  .   n - +0 pair of gloves
Will    .....                   (no boots)
Stlth   +.........              s - amulet of the acrobat
HPRegen 0.20/turn               p - ring of positive energy
MPRegen 0.15/turn               (no ring)

@: on blink cooldown, glowing
A: fangs 1, strong nose, distributed training
a: no special abilities


You were on level 6 of the Dungeon.
You visited 2 branches of the dungeon, and saw 7 of its levels.

You collected 237 gold pieces.
You spent 144 gold pieces at shops.

Inventory:

Hand Weapons
 a - a +2 spear of venom (weapon)
Missiles
 d - 5 boomerangs of dispersal
 f - 261 stones (quivered)
 l - 77 arrows
 m - 58 sling bullets
 v - 31 bolts
 x - a throwing net
Armour
 g - the +0 robe of Wawnicha {Dex+4}
   (You found it on level 6 of the Dungeon)

   Dex:       It affects your dexterity (+4).
 i - a +0 cloak (worn)
 j - an orb of light (worn)
 n - a +0 pair of gloves (worn)
Jewellery
 p - a ring of positive energy (left hand)
 s - an amulet of the acrobat (around neck)
 z - a ring of fire
Scrolls
 c - 3 scrolls of blinking
 k - a scroll of amnesia {unknown}
 q - 3 scrolls of enchant weapon
 t - 3 scrolls of teleportation
 u - a scroll of fog
 y - a scroll of silence {unknown}
 A - a scroll of fear {unknown}
 C - a scroll of vulnerability {unknown}
Potions
 b - a potion of might
 e - 2 potions of mutation
 h - 5 potions of curing
 o - 2 potions of berserk rage
 r - a potion of haste
 w - 2 potions of lignification


   Skills:
 + Level 5.5 Fighting
 + Level 3.0 Short Blades
 + Level 3.0 Long Blades
 + Level 3.0 Axes
 + Level 3.0 Maces & Flails
 + Level 5.5 Polearms
 + Level 3.0 Staves
 + Level 3.0 Slings
 + Level 3.0 Bows
 + Level 3.0 Crossbows
 + Level 4.0 Throwing
 + Level 4.0 Armour
 + Level 5.5 Dodging
 + Level 3.0 Stealth
 + Level 3.0 Shields
 + Level 3.0 Unarmed Combat
 + Level 5.9 Spellcasting
 + Level 2.4 Conjurations
 + Level 2.4 Hexes
 + Level 2.4 Summonings
 + Level 2.4 Necromancy
 + Level 6.0 Translocations
 + Level 2.4 Transmutations
 + Level 2.4 Fire Magic
 + Level 2.4 Ice Magic
 + Level 2.4 Air Magic
 + Level 2.4 Earth Magic
 + Level 2.4 Poison Magic
 + Level 3.3 Invocations
 + Level 3.0 Evocations


You had 16 spell levels left.
You knew the following spells:

 Your Spells              Type           Power      Damage    Failure   Level
a - Blink                 Tloc           36%        N/A       2%          2

Your spell library contained the following spells:

 Spells                   Type           Power      Damage    Failure   Level
 Gell's Gravitas          Tloc           18%        N/A       4%          3
 Lesser Beckoning         Tloc           18%        N/A       4%          3
 Teleport Other           Tloc           18%        N/A       4%          3
 Magic Dart               Conj           36%        1d4       7%          1
 Sandblast                Erth           18%        2d7       7%          1
 Call Imp                 Summ           9%         N/A       10%         2
 Passwall                 Tmut/Erth      7%         N/A       10%         2
 Static Discharge         Conj/Air       9%         N/A       10%         2
 Mephitic Cloud           Conj/Pois/Air  9%         N/A       21%         3
 Stone Arrow              Conj/Erth      18%        3d8       21%         3
 Manifold Assault         Tloc           18%        N/A       38%         5
 Animate Armour           Summ/Erth      18%        N/A       54%         4
 Hailstorm                Conj/Ice       9%         3d4       54%         4
 Ice Form                 Ice/Tmut       9%         N/A       54%         4
 Lightning Bolt           Conj/Air       4%         1d16      88%         5
 Simulacrum               Ice/Necr       4%         N/A       100%        6
 Lehudib's Crystal Spear  Conj/Erth      4%         10d3      100%        8
 Maxwell's Capacitive Co  Air            4%         ∞         100%        8


Dungeon Overview and Level Annotations

Branches:
Dungeon (6/15)             Temple (1/1) D:4

Altars:
Ashenzari
Cheibriados
Dithmenos
Gozag
Hepliaklqana
Kikubaaqudgha
Makhleb
Nemelex Xobeh
Okawaru
Qazlal
Sif Muna
Trog
Uskayaw
Vehumet
Wu Jian
Xom
Yredelemnul
Zin

Shops:
D:1 (   D:2 *   D:3 *[[:*


Innate Abilities, Weirdness & Mutations

You have very sharp teeth.
Your uncanny sense of smell can sniff out nearby items.
Your experience applies equally to all skills.


Message History

The ball of steam hits you!!
There is an open door here.
No target in view!
No target in view!
No target in view!
A sky beast comes into view.
The sky beast moves out of view.
You reach to attack!
You hit the steam dragon.
The steam dragon is poisoned.
The steam dragon is lightly wounded.
You hit the steam dragon but do no damage.
The steam dragon looks even sicker.
The steam dragon is lightly wounded.
The steam dragon bites you. The steam dragon claws you.
You hit the steam dragon.
The steam dragon looks as sick as possible!
Your bite misses the steam dragon.
The steam dragon is lightly wounded.
The steam dragon bites you. The steam dragon claws you.
You hit the steam dragon.
The steam dragon looks as sick as possible!
The steam dragon is moderately wounded.
The steam dragon breathes steam at you. The ball of steam misses you.
You hit the steam dragon.
The steam dragon looks as sick as possible!
The steam dragon is heavily wounded.
You are engulfed in a cloud of scalding steam.
You hit the steam dragon but do no damage.
The steam dragon is heavily wounded.
You are engulfed in a cloud of scalding steam.
* * * LOW HITPOINT WARNING * * *
The steam dragon bites you.
* * * LOW HITPOINT WARNING * * *
The steam dragon misses you.
Casting: Blink (safe; 2% risk of failure)
Confirm with . or Enter, or press ? or * to list all spells.
You blink.
The steam dragon breathes steam at you. The ball of steam hits you!
You die...

...##########)###'####'#####
.............................
.............................
............................
............................
#..............†..........
#................#'#########
#................'....#....#..
####'###D§.§§@...#....'....#..
#§....#§§.......#....#....'..
#.....###'#######...###...#..
........+.... ########...#
.D§......# ..... #..........#
...........#
∆.....#..........###
..Y##.....##
....##.........#.. ...
#.....##.......##...###...##.
#.......##...###...##.


There were no monsters in sight!

Vanquished Creatures
  Eustachio (D:5)
  A sky beast (D:4)
  A necrophage (D:6)
  Blork the orc (D:5)
  A bullfrog (D:6)
  A scorpion (D:5)
  A centaur zombie (D:4)
  A centaur skeleton (D:5)
  3 iguanas (D:5)
  A jelly (D:6)
  A gnoll shaman (D:3)
  2 orc wizards
  A hound skeleton (D:4)
  2 howler monkey skeletons (D:4)
  4 gnolls (D:4)
  5 adders
  An ufetubus (D:6)
  3 worms
  A dart slug (D:2)
  17 orcs
  8 ball pythons
  6 bats
  5 endoplasms
  3 giant cockroaches
  11 goblins
  7 hobgoblins
  2 jackals (D:1)
  2 kobolds
  3 quokkas
  3 frilled lizards
  4 rats
103 creatures vanquished.

Notes
Turn   | Place    | Note
-------+----------+-------------------------------------------
     0 | D:1      | Ablot the Gnoll Warper began the quest for the Orb.
     0 | D:1      | Reached XP level 1. HP: 20/20 MP: 6/6
   155 | D:1      | Found Xeypn's Weapon Shoppe.
   291 | D:1      | Reached XP level 2. HP: 26/26 MP: 7/7
   294 | D:1      | Learned a level 2 spell: Blink
  1199 | D:1      | Reached XP level 3. HP: 31/31 MP: 9/9
  1469 | D:2      | Reached skill level 5 in Spellcasting
  1659 | D:2      | Found Rachops's General Store.
  1669 | D:2      | Reached skill level 1 in Invocations
  1669 | D:2      | Found a faded altar of an unknown god.
  1687 | D:2      | Bought a potion of degeneration for 12 gold pieces
  1687 | D:2      | Bought a scroll of identify for 24 gold pieces
  1930 | D:2      | Found a stormy altar of Qazlal.
  2135 | D:2      | Reached skill level 1 in Short Blades
  2135 | D:2      | Reached skill level 1 in Long Blades
  2135 | D:2      | Reached skill level 1 in Axes
  2135 | D:2      | Reached skill level 1 in Maces & Flails
  2135 | D:2      | Reached skill level 1 in Staves
  2135 | D:2      | Reached skill level 1 in Slings
  2135 | D:2      | Reached skill level 1 in Bows
  2135 | D:2      | Reached skill level 1 in Crossbows
  2135 | D:2      | Reached skill level 1 in Stealth
  2135 | D:2      | Reached skill level 1 in Shields
  2135 | D:2      | Reached skill level 1 in Unarmed Combat
  2135 | D:2      | Reached skill level 1 in Evocations
  2436 | D:3      | Found Jinun's Armour Boutique.
  2638 | D:3      | Reached XP level 4. HP: 38/38 MP: 11/11
  2714 | D:3      | Reached skill level 1 in Conjurations
  2714 | D:3      | Reached skill level 1 in Hexes
  2714 | D:3      | Reached skill level 1 in Summonings
  2714 | D:3      | Reached skill level 1 in Necromancy
  2714 | D:3      | Reached skill level 1 in Transmutations
  2714 | D:3      | Reached skill level 1 in Fire Magic
  2714 | D:3      | Reached skill level 1 in Ice Magic
  2714 | D:3      | Reached skill level 1 in Air Magic
  2714 | D:3      | Reached skill level 1 in Earth Magic
  2714 | D:3      | Reached skill level 1 in Poison Magic
  2739 | D:3      | Found Menickir's Assorted Antiques.
  2747 | D:3      | Bought a scroll labelled DASUEZX RUXI for 16 gold pieces
  2857 | D:3      | Found Doer's Armour Emporium.
  2938 | D:3      | Found Jikeu's Book Shoppe.
  2994 | D:3      | Found Gotalioh's General Store.
  3003 | D:3      | Bought a scroll of noise for 11 gold pieces
  3003 | D:3      | Bought a scroll of fog for 22 gold pieces
  3516 | D:4      | Reached XP level 5. HP: 28/43 MP: 12/12
  4422 | D:4      | Reached XP level 6. HP: 32/50 MP: 13/13
  4715 | D:4      | Found a staircase to the Ecumenical Temple.
  4724 | Temple   | Entered the Ecumenical Temple
  4812 | D:4      | Found a broken altar of Ashenzari.
  4906 | D:4      | Found a hide-covered altar of Uskayaw.
  5337 | D:5      | Entered Level 5 of the Dungeon
  5381 | D:5      | Noticed a sky beast
  5409 | D:4      | Killed a sky beast
  5410 | D:4      | Reached skill level 5 in Fighting
  5410 | D:4      | Reached skill level 5 in Polearms
  5410 | D:4      | Reached skill level 5 in Dodging
  5549 | D:5      | Noticed Eustachio
  5589 | D:5      | Reached XP level 7. HP: 19/56 MP: 15/15
  5596 | D:5      | Killed Eustachio
  5954 | D:3      | Bought a runed robe for 59 gold pieces
  6140 | D:5      | Found a snail-covered altar of Cheibriados.
  6339 | D:5      | Found a glowing silver altar of Zin.
  6339 | D:5      | Found a stormy altar of Qazlal.
  6382 | D:5      | Noticed Blork the orc
  6393 | D:5      | Killed Blork the orc
  6434 | D:6      | Reached skill level 6 in Translocations
  6434 | D:6      | Reached XP level 8. HP: 54/63 MP: 16/16
  6491 | D:6      | Identified the +0 robe of Wawnicha {Dex+4}
  6862 | D:6      | Killed from afar by a steam dragon

Illustrated notes

Levels and vault maps discovered:
D:1:      minmay_arrival_split_and_join, layout_basic, serial_shops,
          nicolae_diamond_shop, hex_tiny, minmay_crystal_water,
          minmay_tromino_v2
D:2:      layout_basic, serial_shops, nicolae_shop_crystal,
          hellmonk_ecumenical_altar_leap_of_faith, kennysheep_flooded_box
D:3:      layout_basic, serial_shops, nicolae_shop_hallway_plus,
          nicolae_shop_statue_plus, shop, nicolae_lakefront_shop, shop
D:4:      layout_gridville, ashenzari_altar_1, overflow_temple_1_default,
          minmay_temple_entry_trees
D:5:      layout_rooms, slow_altar_2, gammafunk_temple_overflow_elements,
          uniq_blork_the_orc, uniq_eustachio
D:6:      layout_gridville, nicolae_overflow_squiral, minmay_misc_feat_diagonals
Temple:   cyrus_circular_temple

Skill      XL: |  1  2  3  4  5  6  7  8 |
---------------+-------------------------+-----
Spellcasting   | 5 |  5.9
Invocations    | 1 2 3 |  3.3
Short Blades   | 1 2 3 |  3.0
Long Blades    | 1 2 3 |  3.0
Axes           | 1 2 3 |  3.0
Maces & Flails | 1 2 3 |  3.0
Staves         | 1 2 3 |  3.0
Slings         | 1 2 3 |  3.0
Bows           | 1 2 3 |  3.0
Crossbows      | 1 2 3 |  3.0
Stealth        | 1 2 3 |  3.0
Shields        | 1 2 3 |  3.0
Unarmed Combat | 1 2 3 |  3.0
Evocations     | 1 2 3 |  3.0
Conjurations   | 1 2 |  2.4
Hexes          | 1 2 |  2.4
Summonings     | 1 2 |  2.4
Necromancy     | 1 2 |  2.4
Transmutations | 1 2 |  2.4
Fire Magic     | 1 2 |  2.4
Ice Magic      | 1 2 |  2.4
Air Magic      | 1 2 |  2.4
Earth Magic    | 1 2 |  2.4
Poison Magic   | 1 2 |  2.4
Throwing       | 3 4 |  4.0
Armour         | 3 4 |  4.0
Fighting       | 5 |  5.5
Polearms       | 5 |  5.5
Dodging        | 5 |  5.5
Translocations | 6 |  6.0

Action                   |  1- 3 |  4- 6 |  7- 9 || total
-------------------------+-------+-------+-------++-------
Melee: Spear             |    22 |    58 |    84 ||   164
       Bite              |     8 |    25 |    12 ||    45
       Dagger            |   110 |   162 |       ||   272
       Punch             |     2 |     3 |       ||     5
Throw: Stone             |       |     2 |       ||     2
 Cast: Blink             |       |       |     1 ||     1
  Use: Scroll            |     3 |     1 |     4 ||     8
 Stab: Sleeping          |     1 |     1 |       ||     2
Armor: Leather armour    |    48 |    61 |     2 ||   111
       Robe              |       |       |    10 ||    10
       Skin              |       |       |     1 ||     1
Dodge: Dodged            |    69 |   204 |    33 ||   306
